2066 views
Uploaded 2023-07-05 14:30:17
Game version 1.36 (6115)
18:41 long 4on4 ladder game on (8)GolemsInTheMist_LV
Saved by DKnight
2066 views
Uploaded 2023-07-05 14:30:17
Game version 1.36 (6115)
18:41 long 4on4 ladder game on (8)GolemsInTheMist_LV


140 units @ 20.7k
/ 3.1k
76 buildings @ 10k
/ 4.3k

| Scroll of Regeneration | 1 | 100 |
| Lesser Clarity Potion | 1 | 70 |
| total: | 2 | 170g |
| Peasant | 11 | 825 | / | 0 |
| Rifleman | 15 | 3075 | / | 450 |
| Mortar Team | 10 | 1800 | / | 700 |
| total: | 36 | 5700g | / | 1150w |
| Scout Tower | 3 | 90 | / | 60 |
| Arcane Tower | 2 | 140 | / | 100 |
| Guard Tower | 1 | 70 | / | 50 |
| Farm | 8 | 640 | / | 160 |
| Altar of Kings | 1 | 180 | / | 50 |
| Blacksmith | 1 | 140 | / | 60 |
| Barracks | 1 | 160 | / | 60 |
| Arcane Vault | 1 | 130 | / | 30 |
| Lumber Mill | 1 | 120 | / | 0 |
| Workshop | 1 | 140 | / | 140 |
| Keep | 1 | 320 | / | 210 |
| Castle | 1 | 360 | / | 210 |
| total: | 17 | 1600g | / | 560w |
| 0:08 | Peasant |
| 0:09 | Peasant |
| 0:09 | Peasant |
| 0:40 | Farm |
| 0:44 | Peasant |
| 0:56 | Altar of Kings |
| 0:59 | Peasant |
| 1:04 | Peasant |
| 1:11 | Blacksmith |
| 1:14 | Farm |
| 1:19 | Peasant |
| 1:27 | Barracks |
| 1:43 | Peasant |
| 2:07 | Peasant |
| 2:14 | Farm |
| 2:29 | Rifleman |
| 2:33 | Arcane Vault |
| 2:46 | Rifleman |
| 3:01 | Summon Water Elemental |
| 3:08 | Farm |
| 3:11 | Rifleman |
| 3:28 | Black Gunpowder |
| 3:33 | Rifleman |
| 3:57 | Farm |
| 4:11 | Keep |
| 4:34 | Brilliance Aura |
| 4:47 | Farm |
| 4:48 | Rifleman |
| 5:06 | Rifleman |
| 5:15 | Scout Tower |
| 5:55 | Summon Water Elemental |
| 6:09 | Rifleman |
| 6:21 | Scroll of Regeneration |
| 6:23 | Lesser Clarity Potion |
| 6:29 | Arcane Tower |
| 6:36 | Peasant |
| 6:49 | Long Rifles |
| 6:56 | Lumber Mill |
| 6:58 | Scout Tower |
| 7:47 | Arcane Tower |
| 7:52 | Scout Tower |
| 7:54 | Refined Gunpowder |
| 7:56 | Rifleman |
| 8:09 | Studded Leather Armor |
| 8:16 | Rifleman |
| 8:27 | Guard Tower |
| 8:54 | Workshop |
| 8:58 | Improved Masonry |
| 8:59 | Peasant |
| 10:29 | Mortar Team |
| 10:31 | Rifleman |
| 10:52 | Mortar Team |
| 10:54 | Castle |
| 10:56 | Reinforced Leather Armor |
| 11:41 | Mortar Team |
| 11:47 | Farm |
| 12:00 | Rifleman |
| 12:03 | Farm |
| 12:04 | Advanced Masonry |
| 12:50 | Brilliance Aura |
| 13:12 | Mortar Team |
| 13:18 | Fragmentation Shards |
| 13:28 | Rifleman |
| 15:06 | Mortar Team |
| 15:06 | Mortar Team |
| 15:07 | Mortar Team |
| 15:08 | Imbued Gunpowder |
| 15:23 | Summon Water Elemental |
| 15:51 | Rifleman |
| 15:52 | Rifleman |
| 15:53 | Mortar Team |
| 16:38 | Mortar Team |
| 17:47 | Mass Teleport |
| 17:49 | Rifleman |
| 17:50 | Mortar Team |
| Right click | 464 |
| Select | 323 |
| Build/train/purchase | 85 |
| Chat | 34 |
| Minimap ping | 5 |
| Use ability | 3 |
| Item give/drop | 1 |

| Scroll of Town Portal | 1 | 350 |
| total: | 1 | 350g |
| Wisp | 25 | 1500 | / | 0 |
| Chimaera | 3 | 990 | / | 210 |
| Hippogryph | 5 | 800 | / | 100 |
| Goblin Shredder | 1 | 375 | / | 100 |
| total: | 34 | 3665g | / | 410w |
| Ancient Protector | 9 | 1215 | / | 720 |
| Altar of Elders | 1 | 180 | / | 50 |
| Moon Well | 9 | 1620 | / | 360 |
| Hunter's Hall | 1 | 210 | / | 100 |
| Tree of Life | 1 | 340 | / | 185 |
| Ancient of Wonders | 1 | 90 | / | 30 |
| Ancient of Wind | 2 | 300 | / | 280 |
| Chimaera Roost | 4 | 560 | / | 760 |
| Tree of Ages | 1 | 320 | / | 180 |
| Tree of Eternity | 1 | 330 | / | 200 |
| total: | 28 | 4515g | / | 2485w |
| 0:04 | Wisp |
| 0:04 | Wisp |
| 0:10 | Altar of Elders |
| 0:14 | Moon Well |
| 0:26 | Wisp |
| 0:26 | Wisp |
| 0:49 | Moon Well |
| 0:52 | Wisp |
| 0:52 | Wisp |
| 1:07 | Wisp |
| 1:09 | Wisp |
| 1:23 | Wisp |
| 1:23 | Wisp |
| 1:48 | Hunter's Hall |
| 1:55 | Wisp |
| 1:55 | Wisp |
| 2:07 | Moon Well |
| 2:16 | Force of Nature |
| 2:32 | Wisp |
| 2:32 | Wisp |
| 2:58 | Ancient Protector |
| 3:03 | Ancient Protector |
| 3:05 | Ancient Protector |
| 3:19 | Wisp |
| 3:19 | Wisp |
| 3:28 | Ancient Protector |
| 3:46 | Ancient Protector |
| 3:53 | Wisp |
| 3:53 | Wisp |
| 4:05 | Ancient Protector |
| 4:20 | Wisp |
| 4:20 | Wisp |
| 4:31 | Ancient Protector |
| 4:52 | Ancient Protector |
| 5:06 | Ancient Protector |
| 5:32 | Tree of Life |
| 5:46 | Entangling Roots |
| 6:05 | Tree of Ages |
| 6:16 | Moon Well |
| 6:43 | Goblin Shredder |
| 7:15 | Moon Well |
| 7:38 | Wisp |
| 7:38 | Wisp |
| 7:38 | Wisp |
| 7:39 | Wisp |
| 7:39 | Wisp |
| 8:26 | Tree of Eternity |
| 8:34 | Ancient of Wind |
| 8:36 | Ancient of Wind |
| 8:52 | Moon Well |
| 9:38 | Moon Well |
| 10:21 | Moon Well |
| 10:38 | Strength of the Wild |
| 10:51 | Chimaera Roost |
| 10:53 | Chimaera Roost |
| 10:56 | Chimaera Roost |
| 10:58 | Chimaera Roost |
| 11:04 | Well Spring |
| 11:34 | Moon Well |
| 11:40 | Reinforced Hides |
| 11:51 | Ancient of Wonders |
| 12:31 | Chimaera |
| 12:46 | Hippogryph |
| 12:46 | Hippogryph |
| 12:49 | Chimaera |
| 13:15 | Corrosive Breath |
| 13:17 | Improved Strength of the Wild |
| 14:18 | Chimaera |
| 14:50 | Force of Nature |
| 15:04 | Advanced Strength of the Wild |
| 15:28 | Hippogryph |
| 16:02 | Hippogryph |
| 17:02 | Scroll of Town Portal |
| 17:06 | Hippogryph |
| Select group | 340 |
| Right click | 319 |
| Select | 129 |
| Build/train/purchase | 48 |
| Use ability | 25 |
| Assign group | 10 |



| Lesser Clarity Potion | 1 | 70 |
| Scroll of Town Portal | 2 | 700 |
| Boots of Speed | 1 | 250 |
| total: | 4 | 1020g |
| Peasant | 7 | 525 | / | 0 |
| Footman | 6 | 810 | / | 0 |
| Priest | 16 | 2160 | / | 160 |
| Knight | 8 | 1960 | / | 480 |
| Gryphon Rider | 1 | 280 | / | 70 |
| Rifleman | 1 | 205 | / | 30 |
| Spell Breaker | 1 | 215 | / | 30 |
| total: | 40 | 6155g | / | 770w |
| Scout Tower | 3 | 90 | / | 60 |
| Arcane Tower | 1 | 70 | / | 50 |
| Guard Tower | 2 | 140 | / | 100 |
| Altar of Kings | 1 | 180 | / | 50 |
| Farm | 7 | 560 | / | 140 |
| Barracks | 1 | 160 | / | 60 |
| Lumber Mill | 2 | 240 | / | 0 |
| Blacksmith | 1 | 140 | / | 60 |
| Arcane Vault | 1 | 130 | / | 30 |
| Arcane Sanctum | 1 | 150 | / | 140 |
| Gryphon Aviary | 1 | 140 | / | 150 |
| Keep | 1 | 320 | / | 210 |
| Castle | 1 | 360 | / | 210 |
| total: | 18 | 1790g | / | 690w |
| 0:03 | Peasant |
| 0:09 | Altar of Kings |
| 0:12 | Peasant |
| 0:19 | Farm |
| 0:25 | Barracks |
| 0:27 | Peasant |
| 0:44 | Peasant |
| 0:49 | Farm |
| 0:55 | Peasant |
| 1:15 | Peasant |
| 1:26 | Footman |
| 1:30 | Farm |
| 1:37 | Peasant |
| 1:52 | Footman |
| 2:07 | Summon Water Elemental |
| 2:30 | Keep |
| 2:40 | Brilliance Aura |
| 2:43 | Footman |
| 2:46 | Scout Tower |
| 3:02 | Farm |
| 3:05 | Footman |
| 3:25 | Footman |
| 3:33 | Arcane Tower |
| 3:44 | Footman |
| 4:39 | Farm |
| 4:58 | Arcane Sanctum |
| 5:00 | Farm |
| 5:43 | Frost Arrows |
| 5:55 | Farm |
| 5:56 | Castle |
| 6:07 | Scout Tower |
| 6:12 | Lumber Mill |
| 6:19 | Boots of Speed |
| 6:26 | Summon Water Elemental |
| 6:29 | Priest |
| 7:02 | Priest |
| 7:22 | Priest |
| 7:43 | Forked Lightning |
| 7:50 | Priest |
| 8:03 | Blacksmith |
| 8:12 | Lumber Mill |
| 8:48 | Priest |
| 9:02 | Priest |
| 9:20 | Knight |
| 9:23 | Gryphon Aviary |
| 10:10 | Knight |
| 10:13 | Priest Adept Training |
| 10:15 | Arcane Vault |
| 10:48 | Knight |
| 11:01 | Scroll of Town Portal |
| 11:18 | Guard Tower |
| 11:21 | Scout Tower |
| 11:36 | Gryphon Rider |
| 11:56 | Knight |
| 12:18 | Frost Arrows |
| 12:23 | Animal War Training |
| 12:24 | Priest |
| 12:40 | Brilliance Aura |
| 12:48 | Priest |
| 13:22 | Priest |
| 13:36 | Knight |
| 14:05 | Rain of Fire |
| 14:33 | Priest |
| 14:53 | Forked Lightning |
| 15:05 | Knight |
| 15:11 | Priest |
| 15:39 | Knight |
| 15:39 | Rifleman |
| 15:56 | Priest |
| 16:11 | Scroll of Town Portal |
| 16:11 | Lesser Clarity Potion |
| 16:34 | Priest |
| 16:49 | Priest |
| 16:51 | Summon Water Elemental |
| 17:04 | Cleaving Attack |
| 17:14 | Priest |
| 17:31 | Knight |
| 17:50 | Spell Breaker |
| 17:59 | Priest |
| 18:00 | Guard Tower |
| Right click | 653 |
| Select | 507 |
| Select group | 287 |
| Build/train/purchase | 103 |
| Misc. action | 67 |
| Assign group | 52 |
| Use ability | 26 |
| Item give/drop | 2 |
| Remove unit | 2 |


| Rod of Necromancy | 2 | 300 |
| Orb of Corruption | 1 | 375 |
| Scroll of Town Portal | 1 | 350 |
| Scroll of Healing | 2 | 500 |
| Potion of Lesser Invulnerability | 1 | 150 |
| total: | 7 | 1675g |
| Acolyte | 7 | 525 | / | 0 |
| Ghoul | 2 | 240 | / | 0 |
| Crypt Fiend | 17 | 3655 | / | 680 |
| Obsidian Statue | 4 | 800 | / | 140 |
| total: | 30 | 5220g | / | 820w |
| Spirit Tower | 1 | 145 | / | 40 |
| Crypt | 1 | 200 | / | 50 |
| Graveyard | 1 | 215 | / | 0 |
| Altar of Darkness | 1 | 180 | / | 50 |
| Ziggurat | 7 | 1050 | / | 350 |
| Tomb of Relics | 1 | 130 | / | 30 |
| Necropolis | 1 | 225 | / | 0 |
| Slaughterhouse | 1 | 140 | / | 135 |
| Halls of the Dead | 2 | 640 | / | 420 |
| Black Citadel | 2 | 650 | / | 460 |
| total: | 13 | 2140g | / | 615w |
| 0:04 | Acolyte |
| 0:05 | Acolyte |
| 0:07 | Crypt |
| 0:32 | Graveyard |
| 0:50 | Altar of Darkness |
| 0:58 | Ziggurat |
| 1:09 | Ghoul |
| 1:20 | Ghoul |
| 1:35 | Tomb of Relics |
| 2:07 | Ziggurat |
| 2:12 | Crypt Fiend |
| 2:34 | Crypt Fiend |
| 2:49 | Rod of Necromancy |
| 2:56 | Death Coil |
| 3:34 | Halls of the Dead |
| 3:48 | Crypt Fiend |
| 4:11 | Crypt Fiend |
| 4:23 | Unholy Aura |
| 4:29 | Ziggurat |
| 5:19 | Death Coil |
| 6:16 | Slaughterhouse |
| 6:18 | Black Citadel |
| 6:19 | Crypt Fiend |
| 7:05 | Crypt Fiend |
| 7:18 | Rod of Necromancy |
| 7:25 | Frost Nova |
| 7:46 | Ziggurat |
| 8:54 | Obsidian Statue |
| 9:14 | Unholy Aura |
| 9:31 | Ziggurat |
| 9:56 | Crypt Fiend |
| 9:57 | Creature Attack |
| 10:11 | Destroyer Form |
| 10:36 | Obsidian Statue |
| 10:38 | Creature Carapace |
| 10:47 | Scroll of Town Portal |
| 10:49 | Orb of Corruption |
| 10:53 | Scroll of Healing |
| 11:24 | Crypt Fiend |
| 11:26 | Improved Creature Attack |
| 11:42 | Acolyte |
| 12:53 | Crypt Fiend |
| 12:56 | Necropolis |
| 12:58 | Frost Armor |
| 13:28 | Crypt Fiend |
| 13:39 | Crypt Fiend |
| 13:41 | Acolyte |
| 13:41 | Acolyte |
| 14:29 | Crypt Fiend |
| 14:45 | Crypt Fiend |
| 14:53 | Crypt Fiend |
| 15:05 | Acolyte |
| 15:08 | Ziggurat |
| 15:10 | Frost Nova |
| 15:14 | Death Coil |
| 15:59 | Crypt Fiend |
| 16:00 | Obsidian Statue |
| 16:05 | Obsidian Statue |
| 16:34 | Web |
| 17:12 | Crypt Fiend |
| 17:15 | Ziggurat |
| 17:17 | Spirit Tower |
| 17:18 | Acolyte |
| 18:16 | Scroll of Healing |
| 18:17 | Potion of Lesser Invulnerability |
| 18:22 | Crypt Fiend |
| Right click | 1329 |
| Select group | 782 |
| Select | 399 |
| Build/train/purchase | 94 |
| Misc. action | 90 |
| Use ability | 57 |
| Assign group | 34 |
| Minimap ping | 4 |
| Esc | 1 |
150 units @ 18.9k
/ 3.3k
65 buildings @ 11.1k
/ 4.8k


| Lesser Clarity Potion | 5 | 350 |
| Healing Salve | 5 | 500 |
| Potion of Healing | 3 | 450 |
| Potion of Mana | 2 | 400 |
| Orb of Lightning | 1 | 375 |
| Scroll of Town Portal | 1 | 350 |
| total: | 17 | 2425g |
| Peon | 18 | 1350 | / | 0 |
| Troll Headhunter | 7 | 980 | / | 140 |
| Troll Batrider | 1 | 160 | / | 40 |
| Wind Rider | 2 | 530 | / | 80 |
| total: | 28 | 3020g | / | 260w |
| Watch Tower | 8 | 880 | / | 640 |
| Altar of Storms | 1 | 180 | / | 50 |
| Orc Burrow | 6 | 960 | / | 240 |
| War Mill | 1 | 205 | / | 0 |
| Barracks | 1 | 180 | / | 50 |
| Voodoo Lounge | 5 | 650 | / | 150 |
| Great Hall | 2 | 770 | / | 370 |
| Beastiary | 3 | 435 | / | 420 |
| Stronghold | 1 | 315 | / | 190 |
| Fortress | 1 | 325 | / | 190 |
| total: | 27 | 4260g | / | 1920w |
| 0:01 | Peon |
| 0:02 | Peon |
| 0:02 | Peon |
| 0:02 | Peon |
| 0:07 | Altar of Storms |
| 0:14 | Orc Burrow |
| 0:45 | Peon |
| 0:48 | War Mill |
| 1:07 | Barracks |
| 1:10 | Peon |
| 1:23 | Peon |
| 1:45 | Orc Burrow |
| 1:46 | Peon |
| 1:57 | Voodoo Lounge |
| 2:06 | Shockwave |
| 2:09 | Troll Headhunter |
| 2:20 | Peon |
| 2:31 | Troll Headhunter |
| 2:45 | Troll Headhunter |
| 3:06 | Troll Headhunter |
| 3:15 | Troll Headhunter |
| 3:25 | Lesser Clarity Potion |
| 3:27 | Healing Salve |
| 3:49 | Peon |
| 4:08 | Endurance Aura |
| 4:28 | Stronghold |
| 4:29 | Spiked Barricades |
| 4:31 | Troll Headhunter |
| 4:38 | Watch Tower |
| 4:40 | Watch Tower |
| 5:50 | Great Hall |
| 5:51 | Watch Tower |
| 6:23 | Troll Headhunter |
| 6:29 | Orc Burrow |
| 6:39 | Watch Tower |
| 6:50 | Watch Tower |
| 6:54 | Troll Regeneration |
| 6:57 | Reinforced Defenses |
| 7:43 | Great Hall |
| 7:59 | Watch Tower |
| 8:10 | Orc Burrow |
| 8:21 | Orc Burrow |
| 8:43 | Shockwave |
| 8:53 | Orc Burrow |
| 9:05 | Voodoo Lounge |
| 9:09 | Voodoo Lounge |
| 9:20 | Voodoo Lounge |
| 10:27 | Endurance Aura |
| 10:45 | Fortress |
| 10:53 | Voodoo Lounge |
| 10:55 | Peon |
| 10:56 | Peon |
| 10:56 | Peon |
| 10:56 | Peon |
| 11:05 | Beastiary |
| 11:11 | Peon |
| 11:11 | Peon |
| 11:11 | Peon |
| 11:11 | Peon |
| 11:23 | Beastiary |
| 11:25 | Beastiary |
| 11:31 | Improved Spiked Barricades |
| 11:46 | Healing Wave |
| 11:56 | Healing Salve |
| 11:59 | Lesser Clarity Potion |
| 12:01 | Potion of Healing |
| 12:02 | Potion of Mana |
| 12:53 | Potion of Healing |
| 12:54 | Potion of Mana |
| 13:14 | Orb of Lightning |
| 13:14 | Potion of Healing |
| 13:14 | Healing Salve |
| 13:27 | Liquid Fire |
| 13:28 | Troll Batrider |
| 13:39 | Lesser Clarity Potion |
| 14:56 | Envenomed Spears |
| 14:57 | Wind Rider |
| 15:00 | Lesser Clarity Potion |
| 15:00 | Healing Salve |
| 15:04 | Healing Salve |
| 15:04 | Lesser Clarity Potion |
| 15:07 | Scroll of Town Portal |
| 15:10 | Steel Ranged Weapons |
| 15:32 | Wind Rider |
| 16:11 | Watch Tower |
| 16:14 | Watch Tower |
| 16:18 | Hex |
| Right click | 866 |
| Select | 421 |
| Build/train/purchase | 88 |
| Chat | 51 |
| Use ability | 50 |
| Minimap ping | 6 |
| Remove unit | 1 |

| Lesser Clarity Potion | 1 | 70 |
| Scroll of Town Portal | 2 | 700 |
| Healing Salve | 1 | 100 |
| total: | 4 | 870g |
| Wisp | 14 | 840 | / | 0 |
| Archer | 29 | 3770 | / | 290 |
| Druid of the Talon | 5 | 725 | / | 100 |
| Hippogryph | 1 | 160 | / | 20 |
| Forest Troll Berserker | 1 | 245 | / | 30 |
| total: | 50 | 5740g | / | 440w |
| Ancient Protector | 2 | 270 | / | 160 |
| Moon Well | 4 | 720 | / | 160 |
| Ancient of War | 2 | 300 | / | 120 |
| Altar of Elders | 1 | 180 | / | 50 |
| Hunter's Hall | 1 | 210 | / | 100 |
| Ancient of Wind | 2 | 300 | / | 280 |
| Tree of Ages | 1 | 320 | / | 180 |
| total: | 12 | 1980g | / | 870w |
| 0:02 | Wisp |
| 0:02 | Wisp |
| 0:02 | Wisp |
| 0:17 | Moon Well |
| 0:33 | Ancient of War |
| 0:47 | Altar of Elders |
| 0:52 | Wisp |
| 0:53 | Wisp |
| 0:53 | Wisp |
| 0:53 | Wisp |
| 0:53 | Wisp |
| 1:24 | Wisp |
| 1:37 | Archer |
| 1:47 | Moon Well |
| 1:55 | Archer |
| 2:19 | Archer |
| 2:35 | Archer |
| 2:56 | Archer |
| 2:59 | Soul Burn |
| 3:24 | Archer |
| 3:27 | Moon Well |
| 3:29 | Ancient of War |
| 3:32 | Hunter's Hall |
| 3:35 | Wisp |
| 4:19 | Archer |
| 4:28 | Moon Well |
| 4:43 | Tree of Ages |
| 4:52 | Archer |
| 6:01 | Archer |
| 6:04 | Ancient Protector |
| 6:07 | Ancient Protector |
| 6:26 | Archer |
| 7:13 | Improved Bows |
| 7:20 | Incinerate |
| 7:47 | Strength of the Moon |
| 7:48 | Moon Armor |
| 7:48 | Archer |
| 8:52 | Archer |
| 9:31 | Archer |
| 10:13 | Archer |
| 10:40 | Wisp |
| 10:40 | Wisp |
| 10:40 | Wisp |
| 10:41 | Wisp |
| 10:44 | Ancient of Wind |
| 10:47 | Ancient of Wind |
| 11:05 | Archer |
| 11:05 | Archer |
| 11:28 | Archer |
| 11:32 | Healing Salve |
| 11:32 | Lesser Clarity Potion |
| 11:38 | Scroll of Town Portal |
| 11:56 | Druid of the Talon |
| 12:09 | Soul Burn |
| 12:23 | Forest Troll Berserker |
| 13:16 | Archer |
| 13:16 | Archer |
| 13:17 | Druid of the Talon |
| 13:34 | Scroll of Town Portal |
| 14:09 | Archer |
| 14:09 | Archer |
| 14:10 | Druid of the Talon |
| 14:43 | Archer |
| 14:44 | Druid of the Talon |
| 14:51 | Incinerate |
| 15:29 | Archer |
| 16:05 | Archer |
| 16:05 | Archer |
| 16:06 | Druid of the Talon |
| 16:11 | Improved Strength of the Moon |
| 16:57 | Archer |
| 16:57 | Archer |
| 17:49 | Archer |
| 17:49 | Archer |
| 17:51 | Hippogryph |
| Right click | 798 |
| Select | 357 |
| Build/train/purchase | 75 |
| Use ability | 33 |
| Select group | 27 |
| Minimap ping | 8 |
| Resource trade | 4 |
| Assign group | 3 |


| Scroll of Town Portal | 4 | 1400 |
| total: | 4 | 1400g |
| Wisp | 11 | 660 | / | 0 |
| Archer | 5 | 650 | / | 50 |
| Druid of the Claw | 8 | 2040 | / | 640 |
| Dryad | 13 | 1885 | / | 780 |
| Goblin Shredder | 1 | 375 | / | 100 |
| total: | 38 | 5610g | / | 1570w |
| Ancient of War | 1 | 150 | / | 60 |
| Moon Well | 5 | 900 | / | 200 |
| Altar of Elders | 1 | 180 | / | 50 |
| Ancient of Wonders | 1 | 90 | / | 30 |
| Hunter's Hall | 1 | 210 | / | 100 |
| Tree of Life | 2 | 680 | / | 370 |
| Ancient of Lore | 2 | 310 | / | 290 |
| Tree of Ages | 1 | 320 | / | 180 |
| Tree of Eternity | 1 | 330 | / | 200 |
| total: | 13 | 2520g | / | 1100w |
| 0:13 | Wisp |
| 0:13 | Wisp |
| 0:29 | Ancient of War |
| 0:32 | Moon Well |
| 0:35 | Wisp |
| 0:59 | Wisp |
| 0:59 | Wisp |
| 1:16 | Altar of Elders |
| 1:24 | Wisp |
| 1:25 | Wisp |
| 1:35 | Archer |
| 1:54 | Moon Well |
| 1:58 | Archer |
| 2:14 | Ancient of Wonders |
| 2:17 | Wisp |
| 2:25 | Acid Bomb |
| 2:46 | Wisp |
| 2:47 | Wisp |
| 2:47 | Archer |
| 3:04 | Archer |
| 3:21 | Archer |
| 3:23 | Tree of Ages |
| 4:18 | Chemical Rage |
| 4:24 | Hunter's Hall |
| 4:27 | Moon Well |
| 6:13 | Tree of Eternity |
| 6:19 | Ancient of Lore |
| 6:22 | Ancient of Lore |
| 6:47 | Tree of Life |
| 6:49 | Acid Bomb |
| 6:59 | Tree of Life |
| 7:20 | Moon Well |
| 7:36 | Goblin Shredder |
| 7:42 | Druid of the Claw Adept Training |
| 8:12 | Scroll of Town Portal |
| 8:22 | Druid of the Claw |
| 8:52 | Druid of the Claw Master Training |
| 9:22 | Dryad |
| 9:23 | Dryad |
| 9:25 | Dryad |
| 9:54 | Scroll of Town Portal |
| 10:14 | Chemical Rage |
| 10:23 | Dryad |
| 10:24 | Druid of the Claw |
| 10:54 | Abolish Magic |
| 10:55 | Dryad |
| 11:03 | Wisp |
| 11:06 | Scroll of Town Portal |
| 11:33 | Moon Well |
| 11:39 | Frost Arrows |
| 13:10 | Druid of the Claw |
| 13:11 | Druid of the Claw |
| 13:11 | Dryad |
| 13:11 | Dryad |
| 13:29 | Scroll of Town Portal |
| 14:26 | Dryad |
| 14:26 | Dryad |
| 14:26 | Druid of the Claw |
| 14:26 | Druid of the Claw |
| 14:31 | Forked Lightning |
| 15:19 | Druid of the Claw |
| 15:20 | Dryad |
| 16:18 | Dryad |
| 16:19 | Druid of the Claw |
| 17:34 | Dryad |
| 17:34 | Dryad |
| Right click | 382 |
| Select | 191 |
| Select group | 136 |
| Build/train/purchase | 62 |
| Use ability | 49 |
| Assign group | 32 |
| Misc. action | 9 |
| Resource trade | 6 |
| Minimap ping | 3 |

| Lesser Clarity Potion | 1 | 70 |
| Staff of Preservation | 1 | 150 |
| Orb of Venom | 1 | 325 |
| Scroll of Town Portal | 2 | 700 |
| Circlet of Nobility | 1 | 175 |
| Boots of Speed | 1 | 250 |
| total: | 7 | 1670g |
| Wisp | 19 | 1140 | / | 0 |
| Archer | 1 | 130 | / | 10 |
| Druid of the Claw | 11 | 2805 | / | 880 |
| Dryad | 3 | 435 | / | 180 |
| total: | 34 | 4510g | / | 1070w |
| Altar of Elders | 1 | 180 | / | 50 |
| Ancient of War | 1 | 150 | / | 60 |
| Moon Well | 6 | 1080 | / | 240 |
| Hunter's Hall | 1 | 210 | / | 100 |
| Ancient of Wonders | 1 | 90 | / | 30 |
| Tree of Life | 1 | 340 | / | 185 |
| Ancient of Lore | 2 | 310 | / | 290 |
| Tree of Ages | 1 | 320 | / | 180 |
| Tree of Eternity | 1 | 330 | / | 200 |
| total: | 13 | 2360g | / | 955w |
| 0:02 | Wisp |
| 0:04 | Altar of Elders |
| 0:16 | Ancient of War |
| 0:19 | Moon Well |
| 0:22 | Wisp |
| 0:34 | Wisp |
| 0:49 | Wisp |
| 1:03 | Wisp |
| 1:19 | Archer |
| 1:35 | Wisp |
| 1:35 | Wisp |
| 1:38 | Moon Well |
| 2:09 | Immolation |
| 2:34 | Wisp |
| 2:34 | Wisp |
| 2:53 | Moon Well |
| 3:02 | Evasion |
| 3:17 | Tree of Ages |
| 3:22 | Hunter's Hall |
| 3:46 | Circlet of Nobility |
| 3:47 | Boots of Speed |
| 4:39 | Moon Well |
| 5:59 | Ancient of Wonders |
| 6:02 | Ancient of Lore |
| 6:04 | Ancient of Lore |
| 6:22 | Tree of Eternity |
| 6:42 | Tree of Life |
| 7:05 | Lesser Clarity Potion |
| 7:16 | Druid of the Claw |
| 7:16 | Druid of the Claw Adept Training |
| 7:48 | Druid of the Claw |
| 8:44 | Druid of the Claw Master Training |
| 8:44 | Druid of the Claw |
| 8:59 | Wisp |
| 8:59 | Wisp |
| 9:26 | Druid of the Claw |
| 9:44 | Staff of Preservation |
| 9:52 | Orb of Venom |
| 10:01 | Druid of the Claw |
| 10:47 | Scroll of Town Portal |
| 11:16 | Immolation |
| 11:36 | Druid of the Claw |
| 11:39 | Strength of the Wild |
| 11:39 | Reinforced Hides |
| 12:21 | Well Spring |
| 12:24 | Moon Well |
| 12:26 | Wisp |
| 12:26 | Wisp |
| 12:28 | Moon Well |
| 12:44 | Evasion |
| 13:53 | Druid of the Claw |
| 13:55 | Wisp |
| 13:55 | Wisp |
| 13:55 | Wisp |
| 14:51 | Druid of the Claw |
| 15:04 | Druid of the Claw |
| 15:06 | Wisp |
| 15:07 | Wisp |
| 15:37 | Druid of the Claw |
| 16:05 | Scroll of Town Portal |
| 16:07 | Wisp |
| 16:08 | Improved Strength of the Wild |
| 16:20 | Mark of the Claw |
| 16:28 | Dryad |
| 16:29 | Abolish Magic |
| 17:22 | Druid of the Claw |
| 17:30 | Dryad |
| 17:41 | Dryad |
| Select group | 1161 |
| Right click | 812 |
| Select | 412 |
| Build/train/purchase | 89 |
| Misc. action | 69 |
| Use ability | 32 |
| Assign group | 20 |
| Chat | 10 |
| Minimap ping | 3 |
| Item give/drop | 2 |
⇛